 Dungeon Crawl Stone Soup version 0.28-a0-514-g0d7ab7f379 (webtiles) character file.

Game seed: 17520186351116706433

12971 robertstho the Thaumaturge (level 12, -5/84 HPs)
             Began as a Djinni Fire Elementalist on Sept 22, 2021.
             Was an Initiate of Gozag.
             Killed from afar by Fannar (43 damage)
             ... with a bolt of cold
             ... on level 11 of the Dungeon.
             The game lasted 00:23:06 (16366 turns).

robertstho the Thaumaturge (DjFE)                  Turns: 16366, Time: 00:23:07

Health: -5/84      AC: 13    Str:  7    XL:     12   Next: 26%
Gold:   413        EV: 14    Int: 32    God:    Gozag SH:  0 Dex: 22

rFire   + + .      SeeInvis +   o - +4 whip of Indestructible Defence {antimagic, Int+5 Dex+4}
rCold   x . .      Faith    .   (no shield)
rNeg    . . .      Spirit   .   K - +1 steam dragon scales
rPois   ∞          Reflect  .   A - +0 helmet
rElec   .          Harm     .   k - +1 cloak
rCorr   .          Rampage  .   J - +2 pair of gloves {Dex+3}
Will    +....                   (boots unavailable)
Stlth   +++.......              (no amulet)
HPRegen 0.24/turn               x - +6 ring of intelligence
MPRegen 0.00/turn               G - ring of see invisible

@: gold aura, flying
A: sickness immunity, fire resistance 2, cold vulnerability 1, float, innate
caster, hp casting, extra vitality 1
a: Renounce Religion, Potion Petition, Call Merchant, Bribe Branch


You were on level 11 of the Dungeon.
You worshipped Gozag.
Gozag was aware of your devotion.
You visited 1 branch of the dungeon, and saw 12 of its levels.

You collected 2273 gold pieces.
You spent 1313 gold pieces at shops.
You paid 547 gold pieces to Gozag.

Inventory:

Hand Weapons
 c - a +0 short sword
 i - a +0 war axe
 o - the +4 whip of Indestructible Defence (weapon) {antimagic, Int+5 Dex+4}
   (You found it on level 7 of the Dungeon)

   It reduces the magical energy of the wielder, and disrupts the spells and
   magical abilities of those it strikes.
   Natural abilities and divine invocations are not affected.
   Int:       It affects your intelligence (+5).
   Dex:       It affects your dexterity (+4).
Missiles
 r - a throwing net
Armour
 j - a +0 leather armour of fire resistance
 k - a +1 cloak (worn)
 p - the +10 chain mail of Calculation {*Corrode Will+++ Int-3 Slay+5}
   (You found it on level 4 of the Dungeon)

   Int:       It affects your intelligence (-3).
   Slay:      It affects your accuracy & damage with ranged weapons and melee
   (+5).
   *Corrode:  It may corrode you when you take damage.
   Will:      It greatly increases your willpower.
 w - a +2 robe of cold resistance
 A - a +0 helmet (worn)
 J - a +2 pair of gloves of dexterity (worn)
 K - +1 steam dragon scales (worn)
 N - a +2 robe of fire resistance
Jewellery
 m - a ring of fire
 x - a +6 ring of intelligence (left hand)
 G - a ring of see invisible (right hand)
Wands
 d - a wand of mindburst (13)
 t - a wand of flame (33)
 B - a wand of paralysis (8)
 C - a wand of iceblast (8)
Scrolls
 l - a scroll of summoning
 q - a scroll of teleportation
 s - 2 scrolls of fear {unknown}
 u - 4 scrolls of enchant weapon {unknown}
 y - a scroll of immolation {unknown}
 D - a scroll of brand weapon
 E - a scroll of enchant armour
 H - a scroll of silence {unknown}
 I - a scroll of magic mapping
 L - 2 scrolls of fog
Potions
 a - 2 potions of mutation
 b - 2 potions of lignification
 e - 2 potions of invisibility
 f - 2 potions of resistance
 g - 4 potions of curing {unknown}
 h - 2 potions of flight {unknown}
 n - a potion of berserk rage {unknown}
 v - 2 potions of attraction {unknown}
 z - 3 potions of degeneration {unknown}
 F - 2 potions of heal wounds


   Skills:
 * Level 6.4 Fighting
 + Level 2.0 Maces & Flails
 + Level 4.6 Armour
 + Level 4.0 Dodging
 + Level 3.8 Stealth
 * Level 12.7 Spellcasting


You had 9 spell levels left.
You knew the following spells:

 Your Spells              Type           Power      Damage    Failure   Level
a - Foxfire               Conj/Fire      100%       2x1d9     0%          1
b - Scorch                Fire           100%       2d10      1%          2
c - Conjure Flame         Conj/Fire      80%        6-21      1%          3
d - Inner Flame           Hex/Fire       80%        N/A       1%          3
e - Flame Wave            Conj/Fire      80%        3d14      1%          4
f - Pain                  Necr           100%       1d9       0%          1
g - Wereblood             Tmut           80%        N/A       1%          2
h - Frozen Ramparts       Ice            100%       1d12      1%          3
i - Airstrike             Air            40%        N/A       1%          4
j - Hailstorm             Conj/Ice       80%        3d16      1%          4
Your spell library was empty.

Dungeon Overview and Level Annotations

Branches:
Dungeon (12/15)            Temple (0/1) D:5            Lair (0/6) D:9
    Orc (0/2) D:10

Altars:
Dithmenos
Gozag
Kikubaaqudgha
Nemelex Xobeh
Okawaru
Qazlal
Ru
Vehumet
Wu Jian
Zin

Shops:
D:5 *[   D:10 [

Annotations:
D:6 2 runed translucent doors, dolemite99's ghost, novice MfFi
D:8 2 transporters
D:9 3 runed translucent doors, Zenkrye's ghost, journeyman DjCA
D:11 Fannar


Innate Abilities, Weirdness & Mutations

You are immune to sickness and miasma.
You are immune to poison.
Your flesh is very heat resistant. (rF++)
You are vulnerable to cold. (rC-)
You float through the air rather than walking.
You learn spells naturally, not from books.
Your magical power is your life essence.
You have superior vitality. (+4 HP)


Message History

You now have enough gold to petition Gozag for potion effects.
You now have 413 gold pieces (gained 36).
You start resting.
Fannar is nearby!
Casting: Flame Wave (safe; 1% risk of failure)
Confirm with . or Enter, or press ? or * to list all spells.
Aiming: Airstrike (safe; 1% risk of failure)
Press: ? - help, Dir - move target, f - Fannar
Aim: Fannar, wielding a staff of cold and wearing a +1 robe of cold resistance (empty space bonus: 6/8)
The air twists around and strikes Fannar!
Fannar is lightly wounded.
Unknown command.
Casting: Airstrike (safe; 1% risk of failure)
Confirm with . or Enter, or press ? or * to list all spells.
Aiming: Airstrike (safe; 1% risk of failure)
Press: ? - help, Dir - move target, f/p - Fannar
Aim: Fannar, wielding a staff of cold and wearing a +1 robe of cold resistance (lightly wounded, empty space bonus: 8/8)
The air twists around and strikes Fannar!
Fannar is moderately wounded.
Unknown command.
Casting: Airstrike (safe; 1% risk of failure)
Confirm with . or Enter, or press ? or * to list all spells.
Aiming: Airstrike (safe; 1% risk of failure)
Press: ? - help, Dir - move target, f/p - Fannar
Aim: Fannar, wielding a staff of cold and wearing a +1 robe of cold resistance (moderately wounded, empty space bonus: 8/8)
The air twists around and strikes Fannar!
Fannar is heavily wounded.
Unknown command.
Casting: Airstrike (safe; 1% risk of failure)
Confirm with . or Enter, or press ? or * to list all spells.
Aiming: Airstrike (safe; 1% risk of failure)
Press: ? - help, Dir - move target, f/p - Fannar
Aim: Fannar, wielding a staff of cold and wearing a +1 robe of cold resistance (heavily wounded, empty space bonus: 8/8)
The air twists around and strikes Fannar!
Fannar is severely wounded.
Fannar points at you and mumbles some strange words.
The bolt of cold hits you!!!
You feel a terrible chill!
Ouch! That really hurt!
You die...
Your body crumbles into a pile of gold.

#.....$ #......
#...... #......###
#........#
#........#
#........#
#......@.#
#........#
#........#
#.....>..#
#......e.# $
#........#
#........#
#........#
#######'###########


You could see Fannar.

Vanquished Creatures
  Josephine (D:11)
  A fire dragon (D:12)
  A two-headed ogre (D:10)
  Pikel (D:6)
  A manticore (D:10)
  An oklob plant (D:10)
  An unseen horror (D:11)
  A troll (D:11)
  Grinder (D:3)
  A vampire (D:11)
  10 yaks
  3 shadows
  5 wraiths (D:11)
  Sigmund (D:3)
  2 humans (D:10)
  2 wyverns
  Grum (D:10)
  A steam dragon (D:8)
  2 water moccasins
  An acid dragon (D:11)
  An ice beast (D:5)
  2 orc warriors
  4 sky beasts
  A black bear (D:4)
  2 ogres
  2 wolves (D:10)
  2 centaurs
  4 phantoms
  4 lemures (D:6)
  A kobold brigand (D:9)
  4 bullfrogs
  A gnoll sergeant (D:10)
  6 scorpions
  2 water moccasin skeletons
  An oklob sapling (D:10)
  15 killer bees
  6 centaur zombies
  6 hounds
  4 orc priests
  A gnoll shaman (D:7)
  A jelly (D:8)
  9 iguanas
  5 orc wizards
  8 ogre zombies (D:10)
  A howler monkey zombie (D:8)
  17 gnolls
  13 adders
  3 white imps
  2 ufetubi
  2 adder skeletons
  5 worms
  2 dart slugs
  19 orcs
  15 ball pythons
  7 endoplasms
  3 giant cockroaches
  5 goblins
  12 hobgoblins
  6 jackals
  11 kobolds
  2 quokkas
  5 bats
  2 frilled lizards (D:3)
  A goblin skeleton (D:10)
  2 goblin zombies (D:10)
  4 hobgoblin zombies (D:10)
  3 orc skeletons (D:10)
  15 orc zombies (D:10)
  4 rats
  A bush (D:7)
292 creatures vanquished.

Vanquished Creatures (others)
  A ball python (D:3)
  982 foxfires
  11 plants (D:10)
994 creatures vanquished.

Grand Total: 1286 creatures vanquished

Notes
Turn   | Place    | Note
-------+----------+-------------------------------------------
     0 | D:1      | robertstho the Djinni Fire Elementalist began the quest for
                  | the Orb.
     0 | D:1      | Reached XP level 1. HP: 15/15 MP: 0/0
   390 | D:1      | Reached XP level 2. HP: 16/22 MP: 0/0
  1102 | D:1      | Reached skill level 3 in Spellcasting
  1238 | D:1      | Reached XP level 3. HP: 23/26 MP: 0/0
  1238 | D:1      | Learned a level 1 spell: Pain
  1886 | D:2      | Reached skill level 1 in Fighting
  2478 | D:2      | Reached XP level 4. HP: 28/32 MP: 0/0
  2891 | D:2      | Found a faded altar of an unknown god.
  3599 | D:3      | Reached XP level 5. HP: 36/37 MP: 0/0
  3599 | D:3      | Learned a level 2 spell: Wereblood
  3742 | D:3      | Found a shadowy altar of Dithmenos.
  3747 | D:3      | Found an opulent altar of Gozag.
  3789 | D:3      | Became a worshipper of Gozag Ym Sagoz the Greedy
  3816 | D:3      | Reached skill level 4 in Spellcasting
  3851 | D:3      | Noticed Grinder
  3868 | D:3      | Killed Grinder
  3869 | D:3      | Reached skill level 5 in Spellcasting
  3869 | D:3      | Reached XP level 6. HP: 23/43 MP: 0/0
  4191 | D:3      | Reached XP level 7. HP: 44/48 MP: 0/0
  4191 | D:3      | Learned a level 3 spell: Frozen Ramparts
  4278 | D:3      | Noticed Sigmund
  4286 | D:3      | Killed Sigmund
  4287 | D:3      | Reached skill level 1 in Armour
  5039 | D:4      | Reached skill level 6 in Spellcasting
  5191 | D:4      | Reached XP level 8. HP: 51/54 MP: 0/0
  5387 | D:4      | Identified the +10 chain mail of Calculation {*Corrode
                  | Will+++ Int-3 Slay+5}
  6137 | D:5      | Entered Level 5 of the Dungeon
  6153 | D:5      | Found a sacrificial altar of Ru.
  6308 | D:5      | Reached skill level 7 in Spellcasting
  6381 | D:5      | Found Ralo's Overcharged Wands.
  6381 | D:5      | You are sucked into a shaft and drop 2 floors!
  6384 | D:7      | Found a glowing silver altar of Zin.
  6514 | D:7      | Reached XP level 9. HP: 57/61 MP: 0/0
  6514 | D:7      | Learned a level 4 spell: Airstrike
  6575 | D:7      | Identified the +4 whip of Indestructible Defence
                  | {antimagic, Int+5 Dex+4}
  7513 | D:6      | Reached skill level 8 in Spellcasting
  7635 | D:6      | Found a runed translucent door.
  7636 | D:6      | Noticed dolemite99's ghost (novice MfFi)
  7904 | D:6      | Noticed Pikel
  7916 | D:6      | Killed Pikel
  8194 | D:6      | Found a stormy altar of Qazlal.
  8279 | D:6      | Found a runed translucent door.
  8598 | D:8      | Found a transporter.
  8665 | D:8      | Reached skill level 9 in Spellcasting
  8665 | D:8      | Reached XP level 10. HP: 42/69 MP: 0/0
  9189 | D:8      | Found a transporter.
  9854 | D:8      | Reached skill level 1 in Maces & Flails
 10446 | D:5      | Found an ornate altar of the Wu Jian Council.
 10530 | D:5      | Found a staircase to the Ecumenical Temple.
 11265 | D:9      | Found a staircase to the Lair.
 11273 | D:9      | Reached skill level 5 in Fighting
 11273 | D:9      | Reached skill level 10 in Spellcasting
 11864 | D:9      | Noticed Zenkrye's ghost (journeyman DjCA)
 11873 | D:9      | Found a runed translucent gate.
 11873 | D:9      | Found a runed translucent gate.
 11873 | D:9      | Found a runed translucent gate.
 12124 | D:10     | Entered Level 10 of the Dungeon
 12153 | D:10     | Reached XP level 11. HP: 68/76 MP: 0/0
 12153 | D:10     | Learned a level 4 spell: Hailstorm
 12190 | D:10     | Found a staircase to the Orcish Mines.
 12949 | D:10     | Noticed Grum
 12953 | D:10     | Killed Grum
 12954 | D:10     | Reached skill level 11 in Spellcasting
 13242 | D:10     | Found an iron altar of Okawaru.
 13516 | D:10     | Noticed an oklob plant
 13795 | D:10     | Killed an oklob plant
 14153 | D:10     | Noticed a two-headed ogre
 14164 | D:10     | Killed a two-headed ogre
 14548 | D:10     | Noticed a manticore
 14555 | D:10     | Killed a manticore
 15182 | D:10     | Found a sparkling altar of Nemelex Xobeh.
 15233 | D:10     | Found Ethravoe's Antique Armour Boutique.
 15241 | D:10     | Bought a pair of embroidered gloves for 195 gold pieces
 15241 | D:10     | Bought shiny steam dragon scales for 1118 gold pieces
 15609 | D:11     | Reached skill level 12 in Spellcasting
 15660 | D:11     | Noticed Josephine
 15674 | D:11     | Reached XP level 12. HP: 29/83 MP: 0/0
 15675 | D:11     | Killed Josephine
 16050 | D:11     | Noticed Fannar
 16087 | D:12     | Noticed a war gargoyle
 16097 | D:12     | Noticed a fire dragon
 16105 | D:12     | Killed a fire dragon
 16366 | D:11     | Killed from afar by Fannar

Illustrated notes

Levels and vault maps discovered:
D:1:      co_arrival_two_rings, layout_loops_corners, minmay_misc_feat_alley
D:2:      layout_loops_ring, hellmonk_ecumenical_altar_crossroads,
          chequers_serial_rivers_micro_e, dk_vineyard_3,
          minmay_goblin_kobold_house
D:3:      layout_rooms, gammafunk_temple_overflow_forgotten,
          lemuel_old_faithful, uniq_sigmund, uniq_grinder
D:4:      wad_river_or_something, layout_basic, minmay_statues_item
D:5:      layout_loops_ring, mainiacjoe_overflow_catwalk,
          nicolae_wu_jian_wuxing_cycle, temple_doors_e,
          nicolae_shop_overcharged_wands
D:6:      layout_gridville, lemuel_round_altar, ebering_ghost_sewer_f,
          uniq_pikel
D:7:      layout_loops_ring, mainiacjoe_overflow_boulevard
D:8:      gammafunk_steamed_eel, layout_basic
D:9:      layout_roguey, nicolae_vehumet_radiance, lair_entry_dummy,
          gammafunk_ghost_icy
D:10:     layout_loops_ring, nemelex_xobeh_ov_fountains_minmay, okawaru_humans,
          zombieorc2_lemuel, serial_shops, kennysheep_mini_moat,
          introduction_to_nature_1, uniq_grum
D:11:     layout_stronghold, serial_shops, shop, uniq_josephine, uniq_fannar,
          uniq_nergalle
D:12:     minmay_bad_star, layout_irregular_city

Skill      XL: |  1  2  3  4  5  6  7  8  9 10 11 12 |
---------------+-------------------------------------+-----
Spellcasting   | 3 5 6 7 9 10 12 | 12.7
Fighting       | 1 2 3 4 5 6 |  6.4
Stealth        | 2 3 |  3.8
Armour         | 1 2 3 4 |  4.6
Dodging        | 3 4 |  4.0
Maces & Flails | 1 2 |  2.0

Action                   |  1- 3 |  4- 6 |  7- 9 | 10-12 || total
-------------------------+-------+-------+-------+-------++-------
Melee: Whip              |       |       |    17 |    52 ||    69
 Cast: Foxfire           |   107 |    82 |   145 |   246 ||   580
       Scorch            |       |     9 |    47 |    46 ||   102
       Flame Wave        |       |       |    10 |    38 ||    48
       Airstrike         |       |       |       |    10 ||    10
       Hailstorm         |       |       |       |     1 ||     1
Invok: Call Merchant     |       |       |       |     1 ||     1
  Use: Scroll            |     1 |     3 |     3 |     8 ||    15
       Potion            |       |       |     1 |     2 ||     3
 Stab: Sleeping          |       |       |     1 |     1 ||     2
       Distracted        |       |       |       |     1 ||     1
Armor: Robe              |     2 |       |       |       ||     2
       Leather armour    |       |     7 |     8 |    29 ||    44
       Steam dragon scal |       |       |       |     8 ||     8
Dodge: Dodged            |    12 |     7 |    34 |   108 ||   161

Table legend: (Time is in decaauts)
 A = Elapsed time spent in this place.
 B = Non-inter-level travel time spent in this place.
 C = Inter-level travel time spent in this place.
 D = Time resting spent in this place.
 E = Time spent auto-exploring this place.
 F = Levels seen in this place.
 G = Mean time per level.
                   A        B        C        D        E       F      G
               +--------+--------+--------+--------+--------+-----+--------+
         Total |  16370 |  15966 |    404 |   1730 |  12409 |  12 | 1364.2 |
       Dungeon |  16370 |  15966 |    404 |   1730 |  12409 |  12 | 1364.2 |
               +--------+--------+--------+--------+--------+-----+--------+

Top non-repeatable levels by time:
    D:10: 3737 daAuts
     D:1: 1858 daAuts
     D:2: 1728 daAuts
     D:4: 1429 daAuts
     D:5: 1389 daAuts
     D:8: 1389 daAuts
     D:7: 1168 daAuts
     D:6: 1129 daAuts
     D:3: 1121 daAuts
     D:9: 914 daAuts
    D:12: 274 daAuts
    D:11: 229 daAuts
